 Dungeon Crawl Stone Soup version 0.28.0-45-g0d030f2227 (webtiles) character file.

Game seed: 924356411356120436

2220 MisterFreud the Transmogrifier (level 9, -2/85 HPs)
             Began as a Yellow Draconian Transmuter on Apr 19, 2022.
             Killed from afar by an electric eel (10 damage)
             ... with a bolt of electricity
             ... in a bailey.
             The game lasted 00:09:03 (8614 turns).

MisterFreud the Transmogrifier (DrTm)               Turns: 8614, Time: 00:09:04

Health: -2/85      AC:  7    Str: 13    XL:     9   Next: 13%
Magic:  11/12      EV: 11    Int: 16    God:
Gold:   445        SH:  0    Dex: 13    Spells: 3/12 levels left

rFire   x . .      SeeInvis .     - Unarmed
rCold   + + +      Faith    .   (shield currently unavailable)
rNeg    . . .      Spirit   .   (armour unavailable)
rPois   +          Reflect  .   (helmet currently unavailable)
rElec   .          Harm     .   (cloak currently unavailable)
rCorr   .          Rampage  .   (gloves currently unavailable)
Will    .....                   (boots currently unavailable)
Stlth   +.........              (no amulet)
HPRegen 0.24/turn               o - ring of wizardry
MPRegen 0.13/turn               (no ring)

@: ice-form (expiring)
A: freezing attack, amphibious, boosted hp, (spit acid), AC +7, large, unfitting
armour, (cold-blooded), (acid resistance)
a: End Transformation


You were in a bailey.
You were a creature of crystalline ice.
You visited 1 branch of the dungeon, and saw 7 of its levels.
You also visited: Bailey.

You collected 445 gold pieces.

Inventory:

Missiles
 h - 10 boomerangs
 j - 6 poisoned darts
 t - 6 javelins
Jewellery
 o - a ring of wizardry (left front paw)
Wands
 r - a wand of paralysis (12)
 v - a wand of digging (5)
Scrolls
 a - a scroll of amnesia
 c - a scroll of vulnerability {unknown}
 d - a scroll of enchant weapon {unknown}
 e - a scroll of brand weapon {unknown}
 i - a scroll of fear {unknown}
 l - a scroll of noise {unknown}
 m - a scroll of magic mapping {unknown}
 q - a scroll of holy word {unknown}
 s - a scroll of blinking {unknown}
 u - a scroll of identify
Potions
 b - a potion of heal wounds {unknown}
 f - 2 potions of attraction
 g - 2 potions of ambrosia
 k - 4 potions of curing
 n - 2 potions of lignification {unknown}
 p - 5 potions of haste {unknown}


   Skills:
 - Level 4.0 Fighting
 * Level 5.2 Dodging
 - Level 6.0 Unarmed Combat
 - Level 2.0 Spellcasting
 - Level 8.0 Transmutations
 - Level 4.0 Ice Magic


You had 3 spell levels left.
You knew the following spells:

 Your Spells              Type           Power      Damage    Failure   Level
a - Ice Form              Ice/Tmut       20%        N/A       7%          4
b - Wereblood             Tmut           27%        N/A       1%          2
c - Spider Form           Tmut/Pois      14%        N/A       4%          3

Your spell library contained the following spells:

 Spells                   Type           Power      Damage    Failure   Level
 Beastly Appendage        Tmut           54%        N/A       1%          1
 Slow                     Hex            4%         N/A       9%          1
 Confusing Touch          Hex            1%         N/A       24%         3
 Gell's Gravitas          Tloc           1%         N/A       24%         3
 Teleport Other           Tloc           1%         N/A       24%         3
 Vampiric Draining        Necr           1%         2d6       24%         3
 Dispersal                Tloc           0%         N/A       100%        6


Dungeon Overview and Level Annotations

Branches:
Dungeon (7/15)             Temple (0/1) D:5          Bailey (1/1)

Altars:
Dithmenos
Elyvilon
Makhleb
Trog
Yredelemnul

Shops:
D:6 (


Innate Abilities, Weirdness & Mutations

You are a creature of crystalline ice.
You have a powerful freezing melee attack.
You are amphibious.
Your maximum health is increased.
Your armour is entirely melded.
You are incapable of wielding weapons or throwing items.
((You can spit globs of acid.))
((Your golden yellow scales are hard. (AC +7)))
You cannot fit into any form of body armour.
((You are cold-blooded and may be slowed by cold attacks.))
((You are resistant to acid. (rCorr)))


Message History

You closely miss the orc warrior.
The orc warrior is heavily wounded.
The orc warrior hits you with a +0 war axe!
You barely miss the orc warrior.
The orc warrior is heavily wounded.
The orc warrior barely misses you.
You are too injured to fight recklessly!
You hit the orc warrior but do no damage.
The orc warrior is heavily wounded.
You are too injured to fight recklessly!
You punch the orc warrior! You freeze the orc warrior.
You kill the orc warrior!
Things that are here:
a +0 war axe; a +0 scale mail; an orc corpse
Things that are here:
a +0 war axe; a +0 scale mail; an orc corpse
There is a gate leading back out of this place here.
An orc warrior comes into view. It is wielding a +0 war axe.
Found a chain mail and a robe.
Your transformation is almost over.
Found a dyed leather armour.
The orc warrior hits you with a +0 war axe!
You barely miss the orc warrior. The orc warrior misses you.
You hit the orc warrior. You freeze the orc warrior.
The orc warrior is lightly wounded.
The orc warrior hits you with a +0 war axe!
* * * LOW HITPOINT WARNING * * *
You barely miss the orc warrior.
The orc warrior is lightly wounded.
The orc warrior hits you with a +0 war axe!
* * * LOW HITPOINT WARNING * * *
Are you sure you want to swim into deep water while your transformation is expiring?
Casting: Ice Form (dangerous; 7% risk of failure)
Confirm with . or Enter, or press ? or * to list all spells.
You extend your transformation's duration.
An electric eel comes into view.
Careful!
Your transformation is almost over.
The electric eel shoots out a bolt of lightning at you!
The bolt of electricity hits you!
You die...

#..#.≈≈≈≈≈≈≈≈≈#
#8.#.≈≈≈≈≈≈≈≈≈#
#..#.≈≈≈≈≈S≈≈≈#
#)##.≈≈≈≈≈≈≈≈≈# #+##
#..#.≈≈≈≈≈≈≈≈≈# ...#
#..#.≈≈≈≈≈≈≈≈≈# ...#
#..#.≈≈≈≈≈≈≈≈≈# 8.8#
#..#.≈≈≈≈≈≈≈≈≈# ...#
#..#.≈≈≈≈Y≈≈≈≈#
8.8###+##'#'#≈≈≈≈≈≈≈≈#
.).#.?:#....#≈≈≈≈≈≈≈≈#
...#.?!#....#≈≈≈≈≈≈≈≈#
#.######..###≈≈≈≈≈≈≈≈#
.∩....)...'.#≈≈≈≈≈≈≈≈#
≈≈≈≈≈≈o######≈≈≈≈≈≈≈≈#
≈≈≈≈≈≈≈≈≈≈≈≈≈≈≈≈≈≈≈≈≈#
≈≈≈≈≈≈≈≈≈≈≈≈≈≈≈≈≈≈≈≈≈#


You could see an electric eel.

Vanquished Creatures
  A hornet (D:5)
  Menkaure (D:5)
  A steam dragon (D:4)
  A water moccasin (D:7)
  A sky beast (D:4)
  5 orc warriors (Bailey)
  An ogre (D:5)
  A necrophage (D:5)
  A centaur (D:5)
  2 scorpions
  A water moccasin zombie (D:6)
  2 water moccasin skeletons
  An electric eel (Bailey)
  3 jellies
  A centaur zombie (D:7)
  4 hounds
  3 orc priests
  An orc wizard (D:2)
  A hound skeleton (D:4)
  A gnoll (D:7)
  7 adders
  3 white imps
  An ufetubus (D:5)
  2 worms
  2 dart slugs (D:3)
  12 orcs
  9 bats
  10 endoplasms
  5 giant cockroaches
  15 goblins
  11 hobgoblins
  3 jackals (D:1)
  7 quokkas
  6 ball pythons
  6 frilled lizards
  9 kobolds
  5 rats
146 creatures vanquished.

Vanquished Creatures (others)
  5 toadstools (D:5)
5 creatures vanquished.

Grand Total: 151 creatures vanquished

Notes
Turn   | Place    | Note
-------+----------+-------------------------------------------
     0 | D:1      | MisterFreud the Draconian Transmuter began the quest for
                  | the Orb.
     0 | D:1      | Reached XP level 1. HP: 16/16 MP: 3/3
    48 | D:1      | Found a faded altar of an unknown god.
   127 | D:1      | Reached XP level 2. HP: 16/23 MP: 5/5
   323 | D:1      | Reached skill level 3 in Transmutations
   659 | D:1      | Reached XP level 3. HP: 23/28 MP: 6/6
  1622 | D:2      | Reached skill level 4 in Transmutations
  2128 | D:3      | Reached XP level 4. HP: 35/35 MP: 7/7
  2652 | D:3      | Found a shadowy altar of Dithmenos.
  3080 | D:2      | Learned a level 2 spell: Wereblood
  3084 | D:2      | Learned a level 3 spell: Spider Form
  3095 | D:2      | Reached skill level 5 in Transmutations
  3285 | D:3      | Reached XP level 5. HP: 30/42 MP: 4/8
  4064 | D:4      | Noticed a steam dragon
  4081 | D:4      | Killed a steam dragon
  4082 | D:4      | Reached XP level 6. HP: 8/52 MP: 6/9
  4092 | D:4      | Noticed a sky beast
  4458 | D:4      | Killed a sky beast
  4459 | D:4      | Reached skill level 5 in Unarmed Combat
  4718 | D:4      | Found a basalt altar of Yredelemnul.
  4778 | D:4      | Found a white marble altar of Elyvilon.
  4887 | D:4      | Your scales start taking on a golden yellow colour.
  4887 | D:4      | Reached XP level 7. HP: 57/59 MP: 6/10
  4887 | D:4      | Gained mutation: You are resistant to acid. (rCorr) [Yellow
                  | Draconian growth]
  4965 | D:5      | Entered Level 5 of the Dungeon
  4999 | D:5      | Learned a level 4 spell: Ice Form
  5290 | D:5      | Reached skill level 1 in Ice Magic
  5505 | D:5      | Found a burning altar of Makhleb.
  5727 | D:5      | Found a staircase to the Ecumenical Temple.
  6277 | D:5      | Reached skill level 6 in Transmutations
  6280 | D:5      | Reached XP level 8. HP: 66/66 MP: 7/11
  6334 | D:5      | Noticed a hornet
  6345 | D:5      | Killed a hornet
  6582 | D:5      | Noticed Menkaure
  6585 | D:5      | Killed Menkaure
  6586 | D:5      | Reached skill level 7 in Transmutations
  6811 | D:5      | Found a bloodstained altar of Trog.
  7223 | D:6      | Found Metzasa's Weapon Boutique.
  7638 | D:6      | Reached skill level 8 in Transmutations
  8195 | D:7      | Found a flagged portal.
  8211 | Bailey   | Entered a bailey
  8385 | Bailey   | Reached XP level 9. HP: 49/71 MP: 12/12
  8557 | Bailey   | Reached skill level 5 in Dodging
  8585 | Bailey   | HP: 1/85 [orc warrior/+0 war axe (13)]
  8614 | Bailey   | Killed from afar by an electric eel

Illustrated notes

Levels and vault maps discovered:
D:1:      giann_bridges, layout_loops_ring,
          shapermc_ecumenical_altar_totnotflames
D:2:      layout_basic
D:3:      layout_loops_corners, nicolae_dithmenos_shadow_blocks,
          serial_aquarium, aquarium_bridge_square [aquarium_subvault_wall,
          aquarium_subvault_bridge, aquarium_subvault_wall,
          aquarium_subvault_wall], aquarium_window_2, aquarium_window_2,
          aquarium_window_1, aquarium_view_2c, aquarium_pool_1,
          chequers_serial_rivers_marsh, chequers_serial_rivers_small_3,
          st_stairs_4
D:4:      layout_rooms, kennysheep_ying_yang
D:5:      layout_loops_corners, trog_butcher_becter,
          mainiacjoe_overflow_alcove_1, minmay_temple_entry_purple_smoke,
          minmay_gold_behind_fungi, uniq_menkaure
D:6:      layout_basic, nicolae_take_the_stairs
D:7:      layout_loops_corners, grunt_temple_overflow_open, enter_bailey_7,
          nrook_campfire, minmay_misc_feat_nine_boxes, minmay_misc_feat_encased
Bailey:   bailey_axe_of_yendor_kennysheep, bailey

Skill      XL: |  1  2  3  4  5  6  7  8  9 |
---------------+----------------------------+-----
Transmutations | 3 4 5 6 8 |  8.0
Fighting       | 2 4 |  4.0
Unarmed Combat | 4 5 6 |  6.0
Ice Magic      | 3 4 |  4.0
Dodging        | 4 5 |  5.2
Spellcasting   | |  2.0

Action                   |  1- 3 |  4- 6 |  7- 9 || total
-------------------------+-------+-------+-------++-------
Melee: Unarmed           |   178 |   131 |   171 ||   480
       Tailslap          |    17 |     7 |     7 ||    31
       Kick              |     2 |     4 |       ||     6
       Punch             |     2 |     2 |     5 ||     9
       Headbutt          |       |     6 |       ||     6
 Cast: Beastly Appendage |     1 |     7 |       ||     8
       Spider Form       |       |    11 |     6 ||    17
       Ice Form          |       |       |    16 ||    16
 Abil: Breathe Acid      |       |       |     1 ||     1
       End Transformatio |       |       |     1 ||     1
  Use: Scroll            |       |       |     4 ||     4
 Stab: Sleeping          |     1 |     1 |       ||     2
Armor: Skin              |    63 |    31 |    35 ||   129
Dodge: Dodged            |   118 |   100 |    86 ||   304
